 Dungeon Crawl Stone Soup version 0.23-a0-402-g64599a1 (webtiles) character file.

3348 ozpin88 the Covered (level 10, -14/91 HPs)
             Began as a Gargoyle Berserker on Nov 5, 2018.
             Was an Elder of Trog.
             Demolished by an enormous slime creature (67 damage)
             ... on level 8 of the Dungeon.
             The game lasted 00:28:46 (7729 turns).

ozpin88 the Covered (Gargoyle Berserker)            Turns: 7729, Time: 00:28:46

Health: -14/91     AC: 22    Str: 29    XL:     10   Next: 2%
Magic:  10/10      EV: 11    Int:  8    God:    Trog [****..]
Gold:   425        SH:  0    Dex: 12    Spells: 9/9 levels left

rFire    + . .     SeeInvis .   D - +6 flail (freeze)
rCold    . . .     Gourm    .   (no shield)
rNeg     + . .     Faith    .   L - +0 chain mail
rPois    ∞         Spirit   .   (no helmet)
rElec    +         Reflect  .   A - +0 cloak
rCorr    .         Harm     .   O - +0 pair of gloves
MR       ++...                  f - +1 pair of boots
Stlth    ..........             (no amulet)
HPRegen  1.25/turn              r - +3 ring of dexterity
MPRegen  0.12/turn              y - ring of protection from fire

@: berserking (expiring), regenerating, very quick
A: negative energy resistance 1, electricity resistance, unbreathing,
petrification resistance, rot immunity, AC +7
a: Berserk, Trog's Hand, Brothers in Arms, Renounce Religion


You were on level 8 of the Dungeon.
You worshipped Trog.
Trog was greatly pleased with you.
You were hungry.

You visited 1 branch of the dungeon, and saw 8 of its levels.
You also visited: Ossuary.

You collected 425 gold pieces.

Inventory:

Hand Weapons
 D - a +6 flail of freezing (weapon)
 E - a +3 dire flail of freezing
 K - a cursed -2 shortbow
Missiles
 u - 6 tomahawks (quivered)
 C - 4 tomahawks of returning
 P - 18 arrows
Armour
 f - a +1 pair of boots (worn)
 A - a +0 cloak (worn)
 F - a +0 ring mail
 L - a +0 chain mail (worn)
 O - a +0 pair of gloves (worn)
Jewellery
 j - an uncursed ring of protection from cold
 r - a +3 ring of dexterity (left hand)
 y - a ring of protection from fire (right hand)
 Q - the ring "Zuhoh" {Ice rElec Str+4, unknown}
   (You found it on level 8 of the Dungeon)

   [ring of ice]

   It enhances your ice magic.
   It affects your strength (+4).
   It makes you vulnerable to fire.
   It protects you from cold.
   It insulates you from electricity.
Wands
 m - a wand of random effects (44)
 q - a wand of iceblast (9)
 J - a wand of scattershot (7)
 N - a wand of acid (9)
Scrolls
 e - 10 scrolls of identify
 h - 8 scrolls of remove curse
 k - a scroll of blinking {unknown}
 l - 3 scrolls of teleportation
 n - 2 scrolls of amnesia {unknown}
 o - a scroll of random uselessness {unknown}
 t - 2 scrolls of magic mapping {unknown}
 w - a scroll of enchant weapon
 B - a scroll of fear {unknown}
 M - a scroll of enchant armour {unknown}
Potions
 a - 3 potions of heal wounds {unknown}
 b - a potion of agility {unknown}
 d - 9 potions of curing
 g - 7 potions of lignification {unknown}
 i - 3 potions of flight {unknown}
 p - 4 potions of brilliance {unknown}
 s - 2 potions of magic {unknown}
 v - 2 potions of cancellation {unknown}
 x - 3 potions of berserk rage {unknown}
 z - a potion of resistance {unknown}
 G - a potion of degeneration
 H - a potion of might {unknown}
 I - a potion of mutation {unknown}
Comestibles
 c - 11 rations


   Skills:
 + Level 6.7 Fighting
   Level 4.6 Long Blades
 + Level 7.1(7.6) Maces & Flails
   Level 4.1(6.1) Staves
 + Level 7.1 Armour
 + Level 5.0 Dodging
 + Level 1.4 Stealth


You had 9 spell levels left.
You didn't know any spells.
Your spell library contained the following spells:

 Spells                   Type           Power        Failure   Level  Hunger
 Corona                   Hex            #......      89%         1    ##.....
 Magic Dart               Conj           #...         89%         1    ##.....
 Ensorcelled Hibernation  Hex/Ice        #.....       96%         2    ###....
 Searing Ray              Conj           #.....       96%         2    ###....
 Confuse                  Hex            #.......     99%         3    ####...
 Dazzling Spray           Conj/Hex       #.....       99%         3    ####...
 Tukima's Dance           Hex            #.......     99%         3    ####...
 Force Lance              Conj/Tloc      #.......     100%        4    #####..
 Fulminant Prism          Conj/Hex       #.........   100%        4    #####..
 Iskenderun's Mystic Bla  Conj           #.......     100%        4    #####..


Dungeon Overview and Level Annotations

Branches:
Dungeon (8/15)             Temple (0/1) D:6
   Lair: D:8-11

Altars:
Dithmenos


Innate Abilities, Weirdness & Mutations

You are resistant to torment.
Your stone body is resilient. (AC +7)
You are immune to poison.
You resist negative energy. (rN+)
You are resistant to electric shocks. (rElec)
You can survive without breathing.
You are immune to petrification.
You are immune to rotting.


Message History

You sock the very large slime creature!
You freeze the very large slime creature.
The very large slime creature is severely wounded.
Two slime creatures merge to form an enormous slime creature.
You barely miss the enormous slime creature.
The enormous slime creature is heavily wounded.
You barely miss the enormous slime creature.
The enormous slime creature is heavily wounded.
The enormous slime creature misses you.
You sock the enormous slime creature! You freeze the enormous slime creature.
The enormous slime creature is heavily wounded.
You bludgeon the enormous slime creature!!
You freeze the enormous slime creature.
The enormous slime creature is severely wounded.
The enormous slime creature barely misses you.
You hit the enormous slime creature. You freeze the enormous slime creature.
The enormous slime creature is severely wounded.
The enormous slime creature hits you!!!
Ouch! That really hurt!
You die...

#.......†..#
#....).....##
#...........#
#...........###
#..............
#..........#### ..
#......o...# ...
#####+#J##..# ....
#....#@###+#..
....+#+##'##........#
...........#........#
...........#.........#
...........#.........#
......................
...#+#...##.........#.
#.#..)<#.........#
#.....(#.........#


You could see an enormous slime creature and an orc.

Vanquished Creatures
  The ghost of gressup the Cudgeler, a novice DsAK of Lugonu (D:5)
  A slime creature (D:8)
  A hippogriff (D:8)
  Sigmund (D:5)
  Menkaure (D:5)
  2 water moccasins
  A sky beast (D:7)
  2 centaurs
  3 ogres
  2 elf zombies (Ossuary)
  A big kobold (D:7)
  2 scorpions
  4 killer bees (D:8)
  3 wights (D:6)
  4 howler monkeys
  6 crimson imps
  A centaur zombie (D:7)
  A human zombie (Ossuary)
  Crazy Yiuf (D:5)
  A hound (D:4)
  A jelly (D:8)
  6 orc wizards
  2 iguanas
  4 worker ants
  A killer bee zombie (D:5)
  2 hound zombies
  5 mummies
  A howler monkey skeleton (D:7)
  4 adders
  4 shadow imps
  An adder zombie (Ossuary)
  2 adder skeletons
  6 leopard geckos
  20 orcs
  2 ball pythons
  7 bats
  4 giant cockroaches
  2 gnoll zombies (Ossuary)
  8 goblins
  7 hobgoblins
  5 jackals
  3 quokkas
  3 frilled lizards
  5 hobgoblin zombies
  A jackal skeleton (D:6)
  A jackal zombie (Ossuary)
  11 kobolds
  An orc zombie (D:7)
  6 rats
164 creatures vanquished.

Notes
Turn   | Place    | Note
-------+----------+-------------------------------------------
     0 | D:1      | ozpin88 the Gargoyle Berserker began the quest for the Orb.
     0 | D:1      | Reached XP level 1. HP: 14/14 MP: 1/1
   190 | D:1      | Reached XP level 2. HP: 18/19 MP: 2/2
   907 | D:1      | Reached XP level 3. HP: 24/24 MP: 3/3
  1347 | D:2      | Noticed a scorpion
  1359 | D:2      | Killed a scorpion
  1359 | D:2      | Reached ** piety under Trog
  1359 | D:2      | Reached XP level 4. HP: 19/29 MP: 4/4
  2528 | D:3      | Reached XP level 5. HP: 32/33 MP: 5/5
  3013 | D:4      | Reached skill level 5 in Maces & Flails
  3371 | D:4      | Reached XP level 6. HP: 14/38 MP: 6/6
  4128 | D:5      | Entered Level 5 of the Dungeon
  4239 | D:5      | Reached skill level 1 in Long Blades
  4239 | D:5      | Reached XP level 7. HP: 34/43 MP: 7/7
  4385 | D:5      | Noticed Menkaure
  4393 | D:5      | Killed Menkaure
  4645 | D:5      | Reached skill level 1 in Stealth
  4709 | D:5      | Found a runed door.
  4711 | D:5      | Noticed gressup's ghost (novice DsAK)
  4731 | D:5      | Killed gressup's ghost
  4731 | D:5      | Reached XP level 8. HP: 48/48 MP: 8/8
  4846 | D:5      | Noticed Sigmund
  4866 | D:5      | Killed Sigmund
  4866 | D:5      | Reached skill level 5 in Armour
  4943 | D:5      | Found a runed door.
  5438 | D:5      | Noticed Crazy Yiuf
  5443 | D:5      | Killed Crazy Yiuf
  5527 | D:6      | Found a staircase to the Ecumenical Temple.
  5555 | D:6      | Reached *** piety under Trog
  5692 | D:6      | Reached skill level 5 in Fighting
  5692 | D:6      | Reached skill level 1 in Staves
  5826 | D:6      | Reached XP level 9. HP: 54/54 MP: 9/9
  6045 | D:6      | Found a shadowy altar of Dithmenos.
  6323 | D:7      | Found a sand-covered staircase.
  6330 | Ossuary  | Entered an ossuary
  6363 | Ossuary  | Reached **** piety under Trog
  7666 | D:8      | Got a vibrating glass ring
  7705 | D:8      | Reached skill level 5 in Dodging
  7705 | D:8      | Reached XP level 10. HP: 57/61 MP: 10/10
  7729 | D:8      | Demolished by an enormous slime creature

Vault maps used:
D:1:      dpeg_arrival_rooms_a, serial_park_tiny_pond
D:3:      first_ration, minmay_misc_feat_x
D:4:      minmay_misc_feat_pillars
D:5:      gammafunk_ghost_grave, supply_closet_lemuel, uniq_menkaure,
          uniq_crazy_yiuf_cottage, uniq_sigmund
D:6:      kennysheep_mini_moat, minmay_temple_entry_glass, grunt_tough_drop
D:7:      nicolae_ossuary_entry_giza
D:8:      ebering_ghost_rock_garden
Ossuary:  ossuary_minmay_tomb_2a

Skill      XL: |  1  2  3  4  5  6  7  8  9 |
---------------+----------------------------+-----
Maces & Flails | 4 5 7 |  7.1
Dodging        | 2 3 4 5 |  5.0
Fighting       | 4 5 6 |  6.7
Armour         | 3 4 5 7 |  7.1
Long Blades    | 1 3 4 |  4.6
Stealth        | 1 |  1.4
Staves         | 2 4 |  4.1

Action                   |  1- 3 |  4- 6 |  7- 9 | 10-12 || total
-------------------------+-------+-------+-------+-------++-------
Melee: Mace              |   102 |   100 |       |       ||   202
       Falchion          |       |    52 |    65 |       ||   117
       Quarterstaff      |       |       |    76 |       ||    76
       Flail             |       |       |   162 |    14 ||   176
Invok: Berserk           |       |     2 |     8 |     1 ||    11
       Trog's Hand       |       |     1 |     2 |     1 ||     4
Evoke: Wand              |       |     1 |       |       ||     1
  Use: Scroll            |       |     3 |     1 |       ||     4
       Potion            |       |       |     1 |       ||     1
 Stab: Sleeping          |       |     1 |       |       ||     1
       Paralysed         |       |       |     1 |       ||     1
  Eat: Chunk             |     1 |     5 |     4 |       ||    10
       Ration            |       |     2 |     5 |       ||     7
Armor: Animal skin       |    20 |       |       |       ||    20
       Leather armour    |    24 |    60 |       |       ||    84
       Ring mail         |       |    54 |       |       ||    54
       Chain mail        |       |     9 |   285 |     8 ||   302
Dodge: Dodged            |    77 |   124 |   260 |    11 ||   472
       Rpst.: Falchion   |       |    10 |    10 |       ||    20

Table legend:
 A = Non-vault XP
 B = Vault XP
 C = Vault XP percentage of total XP
 D = Non-vault monster count
 E = Vault monster count
 F = Vault count percentage of total count
                 A         B        C        D         E       F
            +---------+---------+-------+---------+---------+-------
      Total |    3567 |    1216 |  25.4 |     140 |      24 |  14.6
            +---------+---------+-------+---------+---------+-------
        D:1 |      37 |       0 |   0.0 |      20 |       0 |   0.0
        D:2 |      96 |       0 |   0.0 |      16 |       0 |   0.0
        D:3 |      96 |       0 |   0.0 |      21 |       0 |   0.0
        D:4 |     277 |       0 |   0.0 |      10 |       0 |   0.0
        D:5 |     363 |     839 |  69.8 |      13 |       4 |  23.5
        D:6 |     864 |      13 |   1.5 |      27 |       1 |   3.6
        D:7 |     653 |      20 |   3.0 |      18 |       3 |  14.3
        D:8 |    1181 |       0 |   0.0 |      15 |       0 |   0.0
    Ossuary |       0 |     344 | 100.0 |       0 |      16 | 100.0
            +---------+---------+-------+---------+---------+-------
